 Dungeon Crawl Stone Soup version 0.24-a0-584-g9d6b971ae4 (webtiles) character file.

Game seed: 4440762564409458712, levelgen mode: deterministic

78 Mithandil the Skirmisher (level 4, -5/35 HPs)
             Began as a Demonspawn Abyssal Knight on Sept 3, 2019.
             Was a Believer of Lugonu.
             Slain by Sigmund
             ... wielding a +0 scythe
              (9 damage)
             ... on level 2 of the Dungeon.
             The game lasted 00:10:03 (1734 turns).

Mithandil the Skirmisher (DsAK)                     Turns: 1734, Time: 00:10:04

Health: -5/35      AC: 10    Str: 11 (13) XL:     4   Next: 15%
Magic:  0/6        EV: 11    Int: 11 (13) God:    Lugonu [**....]
Gold:   53         SH:  0    Dex: 11 (13) Spells: 3/3 levels left

rFire    . . .     SeeInvis .   a - +2 falchion
rCold    . . .     Gourm    .   (no shield)
rNeg     . . .     Faith    .   e - +0 leather armour
rPois    .         Spirit   +   (helmet restricted)
rElec    .         Reflect  .   l - scarf {Spirit}
rCorr    .         Harm     .   h - +0 pair of gloves
MR       .....                  (no boots)
Stlth    +.........             (no amulet)
HPRegen  0.11/turn              n - ring of flight
MPRegen  0.10/turn              (no ring)

@: confused, sanguine armour
A: horns 1, sanguine armour 1
a: Depart the Abyss, Bend Space, Renounce Religion, Evoke Flight


You were on level 2 of the Dungeon.
You worshipped Lugonu.
Lugonu was pleased with you.
You were not hungry.

You visited 1 branch of the dungeon, and saw 3 of its levels.
You visited the Abyss 1 time.

You collected 53 gold pieces.

Inventory:

Hand Weapons
 a - a +2 falchion (weapon)
 b - a +0 spear
Missiles
 d - 56 arrows
 f - 20 bolts
 i - 24 sling bullets
 j - 3 stones
 m - 14 poisoned darts (quivered)
Armour
 e - a +0 leather armour (worn)
 h - a +0 pair of gloves (worn)
 l - a scarf of spirit shield (worn)
Magical Staves
 o - an uncursed staff of summoning
Jewellery
 k - an uncursed ring of ice
 n - a ring of flight (left hand)
Comestibles
 c - 3 rations
 g - a chunk of flesh


   Skills:
 + Level 3.2 Fighting
 * Level 2.6 Long Blades
 + Level 2.1 Armour
 + Level 1.3 Dodging
 + Level 1.1 Stealth
 + Level 1.1 Unarmed Combat
 + Level 2.8 Invocations
 + Level 0.1 Evocations


You had 3 spell levels left.
You didn't know any spells.
Your spell library was empty.

Dungeon Overview and Level Annotations

Branches:
Dungeon (3/15)

Altars:

Annotations:
D:2 Sigmund


Innate Abilities, Weirdness & Mutations

You have a pair of small horns on your head.
When seriously injured, your bleeding wounds create armour. (AC +6)


Message History

Things that are here:
a +0 whip; a kobold corpse Something hits you but does no damage.
Something hits you!
You slash something! Something hits you.
You hit something. Your headbutt misses something. You hit something.
You hear some strange, mumbled words.
A magic dart appears from out of thin air!
The magic dart hits you but does no damage.
You closely miss something. Something hits you!
* * * LOW HITPOINT WARNING * * *
You completely miss something. Something hits you.
* * * LOW HITPOINT WARNING * * *
You miss something. Something barely misses you.
You barely miss something.
You hear some strange, mumbled words.
You are confused.
Something hits you!
You die...

###...#####.....#.....###
##.................#.....#
.. #...##.##.#.###.....#.#
#.....##.#.# #..#.##.#
#####.#.####.#.###.##.##.#
......#.#.##.#.....##.##.#
.######..#.#.##..)....##.#
.# #.###..<{..#######.# .#
#..#.#.##.@# #.# .#
#......##..# #.#
...####......##..# #.#
.#...............# #.#
.######...@.###.## #.# .#
#.....# #.# #.#
########.#####.########.####
#......#....#. #..........#
#.#####.###.# #.#####.##.#


There were no monsters in sight!

Vanquished Creatures
  An adder (D:2)
  An ooze (D:2)
  3 worms (D:2)
  2 dart slugs (D:1)
  2 leopard geckos
  2 bats (D:1)
  3 giant cockroaches
  3 goblins (D:1)
  10 hobgoblins
  4 jackals (D:2)
  3 kobolds
  2 ball pythons (D:1)
  3 frilled lizards
  5 rats
44 creatures vanquished.

Notes
Turn   | Place    | Note
-------+----------+-------------------------------------------
     0 | Abyss:1  | Mithandil the Demonspawn Abyssal Knight began the quest for
                  | the Orb.
     0 | Abyss:1  | Reached XP level 1. HP: 18/18 MP: 2/2
    28 | Abyss:1  | Noticed a raiju
    29 | D:1      | Escaped the Abyss
    50 | D:1      | Reached * piety under Lugonu
    50 | D:1      | Reached skill level 1 in Dodging
   105 | D:1      | Gained mutation: You have a pair of small horns on your
                  | head. [demonic ancestry]
   105 | D:1      | Reached XP level 2. HP: 12/24 MP: 3/3
   622 | D:1      | Reached XP level 3. HP: 21/29 MP: 4/4
   634 | D:1      | Reached skill level 1 in Stealth
   937 | D:2      | Reached ** piety under Lugonu
  1251 | D:2      | Reached skill level 1 in Unarmed Combat
  1305 | D:2      | Gained mutation: When seriously injured, your bleeding
                  | wounds create armour. (AC +6) [demonic ancestry]
  1305 | D:2      | Reached XP level 4. HP: 22/35 MP: 4/6
  1578 | D:2      | Noticed Sigmund
  1734 | D:2      | Slain by Sigmund

Levels and vault maps discovered:
D:1:      minmay_arrival_solitary_statue, layout_loops_ring,
          hangedman_glass_garden
D:2:      layout_loops_ring, uniq_sigmund
D:3:      minmay_chambers_of_threes, layout_rooms,
          regret_index_temple_of_mockery, first_ration,
          chequers_ecumenical_altar_simple_redux, uniq_grinder, uniq_purgy,
          uniq_ijyb

Skill      XL: |  1  2  3 |
---------------+----------+-----
Dodging        | 1 |  1.3
Long Blades    | 2 |  2.6
Armour         | 2 |  2.1
Stealth        | 1 |  1.1
Unarmed Combat | 1 |  1.1
Fighting       | |  3.2
Invocations    | |  2.8
Evocations     | |  0.1

Action                   |  1- 3 |  4- 6 || total
-------------------------+-------+-------++-------
Melee: Falchion          |   123 |    22 ||   145
       Headbutt          |    11 |     3 ||    14
Invok: Depart the Abyss  |     1 |       ||     1
  Use: Potion            |     1 |     1 ||     2
       Scroll            |     3 |     2 ||     5
  Eat: Chunk             |     1 |     2 ||     3
Armor: Leather armour    |    29 |     5 ||    34
Dodge: Dodged            |    76 |     8 ||    84
       Rpst.: Falchion   |    30 |     3 ||    33

Table legend:
 A = Non-vault XP
 B = Vault XP
 C = Vault XP percentage of total XP
 D = Non-vault monster count
 E = Vault monster count
 F = Vault count percentage of total count
                 A         B        C        D         E       F
            +---------+---------+-------+---------+---------+-------
      Total |     112 |       0 |   0.0 |      44 |       0 |   0.0
            +---------+---------+-------+---------+---------+-------
        D:1 |      51 |       0 |   0.0 |      26 |       0 |   0.0
        D:2 |      61 |       0 |   0.0 |      18 |       0 |   0.0
            +---------+---------+-------+---------+---------+-------
